Map: Thunderbird LE

Players

TheArtOfWar - Winner!

  • Race: Terran Terran
  • Spawn Location: 5:00

PeLLy

  • Race: Zerg Zerg
  • League: Diamond
  • Spawn Location: 11:00

VOD

Have the link to the VOD?

Description

Time

  • Played on: July 28, 2019, 5:01 p.m.
  • Length: 15:43
Show
View Real Time Build Order
Export as new Build Order

TheArtOfWar Terran - Winner!

Build Orders:  

Get SALT Encoding   

  12  0:00  SCV  
  13  0:13  SCV  
  14  0:17  Supply Depot  
  14  0:25  SCV  
  15  0:42  SCV  
  16  0:44  Barracks  
  16  0:48  Refinery  
  16  0:54  SCV  
  17  1:06  SCV  
  18  1:19  SCV  
  19  1:31  SCV  
  20  1:36  Barracks Reactor, Command Center  
  20  1:45  Orbital Command  
  20  2:10  Factory  
  20  2:12  Marine  
  20  2:13  Marine  
  20  2:15  SCV  
  23  2:22  Supply Depot  
  23  2:43  SCV, Marine x2  
  26  2:47  Refinery  
  26  2:53  Supply Depot  
  26  2:54  Orbital Command  
  26  2:55  SCV  
  27  3:01  Marine x2  
  27  3:02  Factory Tech Lab  
  29  3:08  SCV  
  30  3:15  Starport  
  30  3:20  Supply Depot, SCV  
  30  3:22  SCV  
  32  3:29  Siege Tank  
  32  3:32  SCV  
  32  3:34  Marine x2  
  38  3:47  Bunker  
  38  3:48  SCV  
  38  3:49  SCV  
  38  3:52  Marine x2  
  39  4:01  SCV  
  33  4:13  SCV x2  
  33  4:16  Marine x2  
  37  4:19  Starport Reactor  
  37  4:20  Siege Tank  
  40  4:24  Supply Depot  
  40  4:25  SCV x2  
  42  4:34  Marine x2  
  44  4:47  Barracks  
  44  4:50  Barracks  
  44  4:52  Marine  
  45  4:53  SCV x2  
  45  4:54  Marine  
  48  5:04  Siege Tank  
  48  5:05  SCV x2, Engineering Bay  
  48  5:06  Engineering Bay  
  53  5:10  Medivac, Marine  
  56  5:17  SCV  
  57  5:21  Supply Depot  
  57  5:25  SCV  
  58  5:29  SCV  
  59  5:36  Refinery x2, Siege Tank  
  59  5:37  SCV  
  59  5:42  Barracks Tech Lab  
  63  5:43  Supply Depot x2, Barracks Reactor  
  63  5:44  Marine x2  
  65  5:53  SCV x2  
  65  5:55  Terran Infantry Weapons Level 1  
  67  6:01  Marine  
  67  6:02  Marine x2  
  70  6:05  SCV  
  70  6:07  Stimpack  
  71  6:17  SCV x2  
  73  6:19  Marine x3  
  73  6:25  Siege Tank  
  79  6:27  Marine  
  79  6:28  Marine  
  79  6:29  SCV x2  
  83  6:36  Marine  
  83  6:37  Marine x2  
  86  6:42  SCV  
  86  6:43  SCV  
  86  6:45  Marine  
  86  6:46  Marine  
  90  6:51  Medivac  
  92  6:54  SCV, Marine  
  92  6:59  Supply Depot  
  94  7:20  Marine x2, Siege Tank  
  99  7:29  Marine x3  
  102  7:35  Supply Depot  
  102  7:39  Supply Depot  
  102  7:40  Supply Depot  
  102  7:46  Terran Infantry Armor Level 1  
  102  7:49  Armory, Command Center  
  102  7:50  Supply Depot  
  102  7:53  SCV x2, Marine x5  
  109  7:58  Siege Tank  
  109  7:59  Medivac  
  109  8:00  Medivac  
  118  8:05  SCV x2  
  118  8:08  Combat Shield  
  118  8:11  Marine x5  
  123  8:17  SCV x2  
  125  8:28  Marine x5  
  125  8:29  SCV x2  
  125  8:30  Siege Tank  
  134  8:42  SCV x2  
  134  8:46  Marine x5  
  141  8:54  SCV  
  142  8:59  Barracks  
  142  9:01  SCV  
  143  9:03  Barracks, Siege Tank  
  143  9:04  Marine x2, Refinery  
  143  9:06  SCV x2  
  143  9:07  Refinery  
  143  9:08  Marine  
  151  9:13  SCV  
  152  9:17  Marine x2  
  152  9:18  SCV x2  
  152  9:22  Marine  
  157  9:28  SCV, Marine x2  
  157  9:30  Supply Depot, SCV x2  
  150  9:33  Terran Infantry Weapons Level 2  
  150  9:35  Marine x2  
  150  9:37  Supply Depot  
  132  9:38  Supply Depot  
  132  9:40  Marine  
  121  9:46  Marine x2  
  121  9:51  Marine x2  
  120  9:52  Marine  
  120  9:53  Marine, Siege Tank  
  120  9:55  Medivac  
  120  9:58  Marine  
  128  10:00  Medivac  
  128  10:03  Marine x2  
  132  10:08  Liberator  
  132  10:10  Marine x2  
  132  10:13  Liberator  
  136  10:15  Marine  
  137  10:22  Marine x2  
  137  10:25  Barracks Reactor  
  137  10:26  Barracks Reactor  
  140  10:34  Siege Tank  
  146  10:35  Terran Infantry Armor Level 2  
  146  10:39  Supply Depot  
  146  10:40  Supply Depot, SCV x2  
  146  10:41  SCV  
  149  10:42  Supply Depot  
  149  10:52  SCV  
  149  10:53  SCV x2  
  152  11:10  Command Center  
  150  11:18  Marine x8  
  151  11:19  Marine  
  159  11:25  Medivac x2  
  163  11:36  Marine x9  
  172  11:40  SCV  
  172  11:41  SCV x2  
  175  11:52  SCV  
  175  11:53  SCV x2, Marine  
  179  11:54  Marine x8  
  187  12:04  SCV  
  187  12:05  SCV x2  
  190  12:11  Marine  
  190  12:12  Marine x2  
  187  12:16  SCV  
  187  12:17  SCV x2  
  190  12:29  SCV x3  
  193  12:35  Marine  
  193  12:36  Marine x6  
  200  12:43  Terran Infantry Weapons Level 3  
  200  12:49  Planetary Fortress  
  137  13:27  Marine x4  
  137  13:28  Marine x5  
  146  13:42  Siege Tank  
  146  13:44  SCV x3  
  146  13:45  Marine x9  
  149  13:56  SCV  
  149  13:57  SCV x2  
  147  14:03  Marine x9  
  147  14:08  SCV  
  147  14:09  SCV x2  
  152  14:20  SCV, Marine, Medivac, Siege Tank  
  152  14:21  Medivac, Marine x8, SCV x2  
  170  14:25  Barracks  
  170  14:30  Barracks  
  170  14:32  SCV, Barracks  
  170  14:33  SCV x2, Barracks  
  170  14:35  Barracks  
  173  14:38  Marine  
  173  14:39  Marine x8  
  181  14:50  Medivac  
  181  14:51  Medivac  
  181  14:52  Command Center, Siege Tank  
  188  14:56  Marine  
  188  14:57  Marine x8  
  194  15:14  Marine x8  
  189  15:15  Marine  
  193  15:28  SCV x2  
Show
View Real Time Build Order
Export as new Build Order

PeLLy Zerg 

Build Orders: Hatch First 

Get SALT Encoding   

  12  0:01  Drone  
  13  0:13  Overlord  
  13  0:22  Drone  
  14  0:31  Drone  
  14  0:32  Drone  
  16  0:37  Drone  
  17  0:56  Drone, Hatchery  
  17  1:04  Extractor  
  17  1:07  Drone  
  17  1:08  Drone  
  18  1:21  Spawning Pool  
  18  1:22  Drone  
  18  1:34  Drone  
  19  1:50  Drone  
  19  1:51  Drone  
  21  2:01  Overlord  
  21  2:14  Drone  
  21  2:15  Drone, Queen x2  
  23  2:19  Drone  
  28  2:25  Zergling x2  
  29  2:30  Zergling x2  
  29  2:31  Metabolic Boost  
  29  2:34  Drone  
  31  2:42  Zergling x2  
  32  2:45  Zergling x2  
  33  2:52  Zergling x2  
  33  2:58  Zergling x2  
  35  3:03  Overlord  
  35  3:14  Drone  
  35  3:15  Drone, Hatchery  
  36  3:20  Queen  
  38  3:30  Drone x6  
  38  3:32  Overlord  
  42  4:02  Drone  
  42  4:03  Drone x4  
  43  4:11  Drone x7  
  50  4:22  Spore Crawler  
  49  4:32  Extractor  
  49  4:34  Extractor  
  49  4:38  Spore Crawler  
  46  4:41  Queen x2  
  52  4:45  Spore Crawler  
  52  4:47  Zergling x2  
  52  4:48  Zergling x12  
  52  4:50  Overlord  
  52  4:51  Overlord  
  58  5:10  Lair  
  56  5:15  Drone  
  56  5:16  Drone x3  
  60  5:23  Drone  
  60  5:24  Drone x2  
  63  5:40  Evolution Chamber  
  62  5:45  Pneumatized Carapace  
  62  5:48  Drone x4  
  66  5:50  Drone x2  
  66  5:52  Drone x3  
  66  5:55  Extractor x2  
  69  5:57  Extractor  
  69  5:58  Drone x6  
  74  6:09  Overlord x3  
  74  6:10  Overlord  
  74  6:22  Evolution Chamber  
  73  6:31  Roach Warren  
  72  6:47  Hydralisk Den  
  72  6:52  Drone x3  
  74  6:54  Drone  
  74  6:55  Drone x2  
  74  6:57  Drone  
  74  6:58  Drone x4  
  82  7:07  Zerg Missile Weapons Level 1  
  82  7:08  Zerg Melee Weapons Level 1  
  82  7:12  Baneling Nest  
  81  7:17  Zergling x20  
  81  7:20  Roach x3  
  97  7:28  Spine Crawler  
  97  7:29  Roach  
  98  7:31  Spine Crawler, Overlord  
  98  7:32  Overlord x2  
  98  7:35  Spine Crawler  
  98  7:36  Roach  
  98  7:51  Ravager x4  
  99  7:57  Grooved Spines  
  102  8:01  Hydralisk  
  102  8:02  Hydralisk x9  
  122  8:08  Baneling x12  
  122  8:10  Overlord x4  
  122  8:18  Overlord x2  
  122  8:30  Roach x12  
  146  8:50  Centrifical Hooks  
  146  8:57  Hydralisk  
  146  8:58  Hydralisk x7  
  146  9:00  Overlord x2  
  162  9:05  Glial Reconstitution  
  162  9:09  Muscular Augments  
  162  9:27  Roach x10  
  162  9:28  Roach  
  131  9:43  Roach x8  
  136  9:54  Zergling x2  
  136  9:55  Zerg Missile Weapons Level 2, Zergling x4  
  136  9:56  Zerg Melee Weapons Level 2  
  132  10:17  Zergling x12  
  132  10:19  Hatchery  
  137  10:36  Spire  
  137  10:40  Infestation Pit  
  135  10:54  Hydralisk  
  135  10:55  Hydralisk x9  
  155  10:57  Overlord x3  
  155  10:58  Overlord x4  
  155  11:05  Spore Crawler  
  152  11:24  Baneling x9  
  152  11:26  Zergling x4  
  152  11:27  Zergling x24  
  166  11:50  Zergling x16  
  166  11:51  Zergling x6  
  177  11:56  Baneling x9  
  177  11:57  Baneling x10  
  159  12:25  Queen x2  
  159  12:28  Corruptor x8  
  159  12:29  Corruptor x3  
  97  13:23  Roach x10  
  97  13:24  Roach x5  
  97  13:26  Roach x5  
  114  13:34  Hive  
  110  13:36  Zergling x2  
  110  13:37  Zergling x4  
  104  13:53  Hatchery  
  73  14:01  Roach  
  73  14:02  Roach x7  
  82  14:06  Mutalisk x2  
  86  14:20  Mutalisk  
  86  14:21  Mutalisk x4  
  88  14:34  Mutalisk  
  88  14:35  Mutalisk x4  
  90  14:46  Mutalisk  
  90  14:47  Mutalisk  
  86  15:15  Zergling x2  
  86  15:16  Zergling x16  
Tags
 
League
Diamond
Matchup
TvZ
Spawn Locations
Cross Positions
Add a new tag
Caveats
  • Supply blocks, unpowered buildings, or Contaminate may cause inaccurate times.
  • Supply counts are checked every 10 seconds.